 Dungeon Crawl Stone Soup version 0.30.0-5-g1a98f26d00 (webtiles) character file.

Game seed: 12097932320609247723

4221 funnyparkerb the Skirmisher (level 10, -2/65 HPs)
             Began as a Kobold Hunter on May 8, 2023.
             Was a Follower of Cheibriados.
             Slain by a yak (14 damage)
             ... on level 9 of the Dungeon on May 9, 2023.
             The game lasted 00:19:31 (9885 turns).

funnyparkerb the Skirmisher (Kobold Hunter)         Turns: 9885, Time: 00:19:32

Health: -2/65      AC:  6    Str: 11    XL:     10   Next: 55%
Magic:  10/10      EV: 34    Int: 14    God:    Cheibriados [*.....]
Gold:   514        SH:  0    Dex: 26    Spells: 9/9 levels left

rFire   + + +        a - +0 shortbow
rCold   . . .        (shield currently unavailable)
rNeg    . . .        v - +0 steam dragon scales
rPois   +            (no helmet)
rElec   .            (no cloak)
rCorr   .            x - +0 pair of gloves
SInv    .            (no boots)
Will    .....        p - amulet of magic regeneration
Stlth   +++          w - ring "Hiraen" {*Corrode *Slow rPois rF+++ EV+5}
HPRegen 0.30/turn    D - +5 ring of evasion
MPRegen 0.52/turn

%: corrode self (3%), slow self (1%)
@: very slow
A: small, no large weapons, nightstalker 3
a: Renounce Religion, Bend Time


You were on level 9 of the Dungeon.
You worshipped Cheibriados.
Cheibriados was aware of your devotion.
You visited 2 branches of the dungeon, and saw 10 of its levels.

You collected 514 gold pieces.

Inventory:

Hand Weapons
 a - a +0 shortbow (weapon)
Missiles
 j - 3 atropa-tipped darts
 o - 4 boomerangs
Armour
 f - a +0 chain mail
 v - +0 steam dragon scales (worn)
 x - a +0 pair of gloves (worn)
 y - a scarf of harm
Jewellery
 p - an amulet of magic regeneration (around neck)
 r - a ring of magical power
 s - a +6 ring of intelligence
 w - the ring "Hiraen" (left hand) {*Corrode *Slow rPois rF+++ EV+5}
   (You found it on level 7 of the Dungeon)

   [ring of evasion]

   EV:        It affects your evasion (+5).
   rF:        It renders you almost immune to fire.
   rPois:     It protects you from poison.
   *Corrode:  It may corrode you when you take damage.
   *Slow:     It may slow you when you take damage.
 D - a +5 ring of evasion (right hand)
 E - a ring of protection from fire
Wands
 u - a wand of paralysis (6)
 B - a wand of mindburst (17)
 F - a wand of flame (14)
Scrolls
 b - 3 scrolls of immolation
 h - 3 scrolls of fear {unknown}
 i - 2 scrolls of silence {unknown}
 k - 2 scrolls of summoning {unknown}
 l - 3 scrolls of identify {unknown}
 n - a scroll of enchant armour {unknown}
 q - 2 scrolls of fog {unknown}
 t - a scroll of teleportation {unknown}
 C - 2 scrolls of vulnerability {unknown}
Potions
 c - a potion of resistance {unknown}
 d - 5 potions of curing
 e - 2 potions of berserk rage {unknown}
 g - a potion of degeneration {unknown}
 m - 5 potions of heal wounds {unknown}
 z - a potion of attraction {unknown}
 A - 2 potions of might {unknown}


   Skills:
 + Level 8.6 Fighting
 + Level 13.6 Ranged Weapons
 - Level 1.0 Armour
 + Level 9.5 Dodging
 - Level 1.3 Stealth


You had 9 spell levels left.
You didn't know any spells.
Your spell library contained the following spells:

 Spells                   Type           Power      Damage    Failure   Level
 Necrotise                Necr           0%         1d4       28%         1
 Blink                    Tloc           0%         N/A       41%         2
 Cigotuvi's Dreadful Rot  Necr/Pois/Air  0%         N/A       41%         2
 Sublimation of Blood     Necr           0%         N/A       41%         2
 Call Canine Familiar     Summ           0%         N/A       65%         3
 Inner Flame              Hex/Fire       0%         N/A       65%         3
 Portal Projectile        Hex/Tloc       0%         N/A       65%         3
 Summon Guardian Golem    Hex/Summ       0%         N/A       65%         3
 Vampiric Draining        Necr           0%         2d6       65%         3
 Anguish                  Hex/Necr       0%         N/A       96%         4
 Leda's Liquefaction      Hex/Erth       0%         N/A       96%         4
 Manifold Assault         Tloc           0%         N/A       96%         4
 Petrify                  Tmut/Erth      0%         N/A       96%         4
 Agony                    Necr           0%         N/A       100%        5
 Irradiate                Conj/Tmut      0%         3d11      100%        5
 Silence                  Hex/Air        0%         N/A       100%        5
 Orb of Destruction       Conj           0%         9d5       100%        7
 Spellforged Servitor     Conj/Summ      0%         N/A       100%        7
 Storm Form               Tmut/Air       0%         N/A       100%        7


Dungeon Overview and Level Annotations

Branches:
Dungeon (9/15)             Temple (1/1) D:7
   Lair: D:8-11         Orc: D:9-12

Altars:
Ashenzari
Cheibriados
Dithmenos
Elyvilon
Fedhas
Gozag
Hepliaklqana
Kikubaaqudgha
Makhleb
Nemelex Xobeh
Okawaru
Qazlal
Sif Muna
Trog
Uskayaw
Vehumet
Wu Jian
Xom
Zin
The Shining One

Shops:
D:8 (

Annotations:
D:7 exclusion: 6 doors


Innate Abilities, Weirdness & Mutations

You are small and have problems with some larger weapons.
You are completely attuned to the shadows.


Message History

The yak completely misses you.
Fire: a) +0 shortbow
Press: ? - help, Q - select action, (/) - cycle Shift-Dir - straight line, f/p - yak
Aim: a yak (almost dead, 80% to hit)
You shoot an arrow. The arrow hits the yak!
You kill the yak!
Cheibriados thoroughly appreciates the change of pace.
Fire: a) +0 shortbow
Press: ? - help, Q - select action, (/) - cycle Shift-Dir - straight line, f - yak
Aim: a yak (80% to hit)
You shoot an arrow. The arrow closely misses the yak.
Fire: a) +0 shortbow
Press: ? - help, Q - select action, (/) - cycle Shift-Dir - straight line, f/p - yak
Aim: a yak (80% to hit)
You shoot an arrow. The arrow hits the yak!
The yak is moderately wounded.
The yak misses you.
Unknown command.
Fire: a) +0 shortbow
Press: ? - help, Q - select action, (/) - cycle Shift-Dir - straight line, f/p - yak
Aim: a yak (moderately wounded, 80% to hit)
You shoot an arrow. The arrow hits the yak.
The yak is moderately wounded.
The yak closely misses you.
Fire: a) +0 shortbow
Press: ? - help, Q - select action, (/) - cycle Shift-Dir - straight line, f/p - yak
Aim: a yak (moderately wounded, 80% to hit)
You shoot an arrow.
The arrow hits the yak but does no damage.
The yak is moderately wounded.
The yak gores you!
* * * LOW HITPOINT WARNING * * *
Fire: a) +0 shortbow
Press: ? - help, Q - select action, (/) - cycle Shift-Dir - straight line, f/p - yak
Aim: a yak (moderately wounded, 80% to hit)
You shoot an arrow. The arrow hits the yak.
The yak is moderately wounded.
The yak completely misses you.
It was a potion of curing.
You feel better. The yak gores you!
You die...

.... .... .Y. #'## #..##
##.)# ##Y# #########@#####
#.............############
#.............'...........
#........<....############
#.<...........#
#.............#
##########'#### #...#
##.### ########


You could see a yak.

Vanquished Creatures
  A shadow (D:9)
  5 yaks (D:9)
  2 wyverns
  3 steam dragons
  A water moccasin (D:8)
  A black bear (D:5)
  A sky beast (D:7)
  An ice beast (D:5)
  An orc warrior (D:8)
  3 centaurs (D:9)
  2 ogres (D:7)
  A phantom (D:6)
  A bullfrog (D:8)
  3 scorpions
  10 wights
  3 killer bees (D:8)
  2 jellies (D:7)
  4 orc priests
  4 hounds
  A sleepcap (D:5)
  7 iguanas
  4 orc wizards
  6 adders
  4 gnolls (D:4)
  3 white imps (D:6)
  2 worms (D:3)
  4 dart slugs
  16 orcs
  5 bats
  3 endoplasms
  3 giant cockroaches (D:3)
  4 hobgoblins
  3 jackals (D:1)
  4 quokkas
  2 ball pythons
  7 goblins
  3 kobolds
  5 rats
135 creatures vanquished.

Notes
Turn   | Place    | Note
-------+----------+-------------------------------------------
     0 | D:1      | funnyparkerb the Kobold Hunter began the quest for the Orb.
     0 | D:1      | Reached XP level 1. HP: 12/12 MP: 1/1
   425 | D:1      | Reached XP level 2. HP: 17/17 MP: 2/2
   624 | D:1      | Reached skill level 6 in Ranged Weapons
  1488 | D:2      | Reached XP level 3. HP: 21/21 MP: 3/3
  2128 | D:3      | Reached skill level 7 in Ranged Weapons
  2128 | D:3      | Reached XP level 4. HP: 26/26 MP: 4/4
  2339 | D:3      | Reached skill level 1 in Armour
  2339 | D:3      | Reached XP level 5. HP: 25/30 MP: 5/5
  2508 | D:3      | Reached skill level 8 in Ranged Weapons
  2710 | D:3      | Identified the staff of death "Esoclis" {rN+ Dex+6}
  3525 | D:4      | Reached XP level 6. HP: 35/35 MP: 6/6
  3532 | D:4      | Reached skill level 9 in Ranged Weapons
  4218 | D:5      | Entered Level 5 of the Dungeon
  4258 | D:5      | Found an opulent altar of Gozag.
  4258 | D:5      | Found a glowing silver altar of Zin.
  4412 | D:5      | Reached skill level 10 in Ranged Weapons
  4412 | D:5      | Reached XP level 7. HP: 32/40 MP: 7/7
  4861 | D:5      | Found a broken altar of Ashenzari.
  4950 | D:5      | Got the Codex of the Viperous Evil Eye
  5005 | D:5      | Noticed a yak
  5005 | D:5      | Noticed a yak
  5010 | D:5      | Noticed a yak
  5119 | D:6      | Reached skill level 11 in Ranged Weapons
  5530 | D:6      | Found a white marble altar of Elyvilon.
  5533 | D:6      | Found a glowing golden altar of the Shining One.
  5553 | D:6      | Reached XP level 8. HP: 33/46 MP: 8/8
  6361 | D:6      | Found a shadowy altar of Dithmenos.
  6532 | D:6      | Upgraded the game from 0.30.0-3-ga4e48a9924 to
                  | 0.30.0-5-g1a98f26d00
  6639 | D:6      | Found an ornate altar of the Wu Jian Council.
  6914 | D:6      | Reached skill level 5 in Dodging
  7121 | D:7      | Noticed a brown ugly thing
  7204 | D:7      | Reached skill level 5 in Fighting
  7480 | D:7      | Reached XP level 9. HP: 54/54 MP: 9/9
  7634 | D:7      | Reached skill level 12 in Ranged Weapons
  7685 | D:7      | Identified the ring "Hiraen" {*Corrode *Slow rPois rF+++
                  | EV+5}
  7704 | D:7      | Found a staircase to the Ecumenical Temple.
  7856 | Temple   | Entered the Ecumenical Temple
  7958 | Temple   | Became a worshipper of Cheibriados the Contemplative
  8840 | D:8      | Found Taosu's Weapon Shoppe.
  8928 | D:8      | Reached * piety under Cheibriados
  9505 | D:9      | Reached XP level 10. HP: 63/63 MP: 10/10
  9610 | D:9      | Reached skill level 13 in Ranged Weapons
  9885 | D:9      | Slain by a yak

Illustrated notes

Levels and vault maps discovered:
D:1:      mushboom_english_gardens, layout_basic, serial_co_window_serial,
          co_window_corner_a, co_window_paths_b, co_window_of_opportunity_a,
          co_window_paths_a, co_window_paths_b, co_window_corner_a,
          co_window_of_opportunity_a, co_window_2corner, co_window_broadway_a,
          co_window_corner_b, co_window_corner_b, co_window_of_opportunity_c,
          co_window_unsneaky_path_e, glass_columns_a, glass_columns_a,
          glass_columns_a, glass_columns_b, glass_columns_b, chequers_arboretum
D:2:      layout_basic
D:3:      layout_loops_corners
D:4:      layout_basic
D:5:      layout_basic, mainiacjoe_overflow_surrounded_room,
          grunt_temple_overflow_gold_and_silver,
          corexii_item_surrounded_by_moat, minmay_misc_feat_nine_boxes,
          hangedman_decor_peaks_small
D:6:      layout_loops_ring, grunt_temple_overflow_open, old_standard_altar
D:7:      kennysheep_big_flooded_room, layout_loops_ring,
          lemuel_zombie_altar_yredelemnul, minmay_temple_entry_nine_rooms,
          minmay_circle_x, uniq_crazy_yiuf_cottage
D:8:      layout_loops_corners, enter_bailey_5, serial_shops,
          nicolae_shop_bloodbath_and_beyond
D:9:      layout_roguey, nicolae_titane
Temple:   cyrus_circular_temple

Skill      XL: |  1  2  3  4  5  6  7  8  9 10 |
---------------+-------------------------------+-----
Ranged Weapons | 6 7 8 10 11 12 13 | 13.6
Armour         | 1 |  1.0
Dodging        | 3 6 8 9 |  9.5
Fighting       | 3 5 7 8 |  8.6
Stealth        | |  1.3

Action                     |  1- 3 |  4- 6 |  7- 9 | 10-12 || total
---------------------------+-------+-------+-------+-------++-------
   Fire: Shortbow          |    47 |   147 |   277 |    82 ||   553
  Throw: Dart              |       |       |     4 |       ||     4
  Evoke: Wand              |       |       |     2 |       ||     2
    Use: Scroll            |       |       |     2 |       ||     2
         Potion            |       |       |       |     1 ||     1
 Armour: Leather armour    |     4 |       |       |       ||     4
         Ring mail         |       |    10 |    19 |       ||    29
         Steam dragon scal |       |       |     7 |     1 ||     8
  Dodge: Dodged            |    16 |    52 |   142 |    47 ||   257
